 Dungeon Crawl Stone Soup version 0.19.0-9-gfd783f2 (webtiles) character file.

161 Gingerlord the Skirmisher (level 5, -1/43 HPs)
             Began as a Formicid Abyssal Knight on Nov 7, 2016.
             Was a Believer of Lugonu.
             Slain by Yeoj's ghost (11 damage)
             ... on level 3 of the Dungeon.
             The game lasted 00:03:06 (1927 turns).

Gingerlord the Skirmisher (Formicid Abyssal Knight) Turns: 1927, Time: 00:03:07

Health: -1/43      AC:  8    Str: 17    XL:     5   Next: 70%
Magic:  7/7        EV: 10    Int: 12    God:    Lugonu [**....]
Gold:   100        SH:  0    Dex: 10    Spells: 0 memorised, 4 levels left

rFire  . . .     SeeInvis +     a - +1 spear
rCold  . . .     Gourm    .     p - +0 scale mail
rNeg   . . .     Faith    .     (no shield)
rPois  .         Spirit   .     (helmet unavailable)
rElec  .         Reflect  .     b - +1 cloak
rCorr  .         Harm     .     (no gloves)
MR     .....                    (no boots)
Stlth  ..........               (no amulet)
                                (no ring)
                                (no ring)

@: no status effects
A: permanent stasis, dig shafts and tunnels, four strong arms, antennae 3
a: Dig, Shaft Self, Depart the Abyss, Bend Space, Renounce Religion


You were on level 3 of the Dungeon.
You worshipped Lugonu.
Lugonu was pleased with you.
You were near starving.

You visited 1 branch of the dungeon, and saw 3 of its levels.
You visited the Abyss 1 time.

You collected 100 gold pieces.

Inventory:

Hand Weapons
 a - a +1 spear (weapon)
Armour
 b - a +1 cloak (worn)
 p - a +0 scale mail (worn)
Scrolls
 d - 2 scrolls of recharging {unknown}
 e - 2 scrolls of identify {unknown}
 g - a scroll of fog {unknown}
 i - a scroll of enchant weapon {unknown}
 k - a scroll of enchant armour {unknown}
 n - a scroll of magic mapping {unknown}
 o - a scroll of teleportation {unknown}
 q - a scroll of blinking {unknown}
Potions
 h - a potion of flight {unknown}
 j - a potion of agility {unknown}
 l - a potion of resistance {unknown}
 m - 2 potions of degeneration {unknown}
Comestibles
 c - a bread ration
 f - 2 meat rations


   Skills:
 + Level 4.5 Fighting
 + Level 2.7 Polearms
 + Level 3.1 Armour
 + Level 1.6 Dodging
 + Level 3.6 Invocations


You had 4 spell levels left.
You didn't know any spells.

Dungeon Overview and Level Annotations

Branches:
Dungeon (3/15)

Altars:
Ru

Annotations:
D:3 Yeoj's ghost, weakling DsGl


Innate Abilities, Weirdness & Mutations

You are under a permanent stasis effect.
You can dig through walls and to a lower floor.
Your four strong arms can wield two-handed weapons with a shield.
You have a pair of large antennae on your head. (SInv)


Message History

Yeoj's ghost says, "Live by the sword, die by the sword."
Yeoj's ghost barely misses you.
You hit Yeoj's ghost.
Yeoj's ghost is severely damaged.
Yeoj's ghost closely misses you.
You hit Yeoj's ghost.
Yeoj's ghost is severely damaged.
Yeoj's ghost hits you but does no damage.
You hit Yeoj's ghost but do no damage.
Yeoj's ghost is severely damaged.
Yeoj's ghost barely misses you.
You completely miss Yeoj's ghost.
Yeoj's ghost is severely damaged.
Yeoj's ghost hits you!
* * * LOW HITPOINT WARNING * * *
You are too injured to fight recklessly!
You barely miss Yeoj's ghost.
Yeoj's ghost is severely damaged.
Yeoj's ghost hits you!
You die...

..........# ..........# #
....?.....##.#
...........# #.....##.##
#.....##..# #.....##..#
#####.##..#
#@##..#########
.#.#######W##..........###
.........................#
...........##..#######.###
Pā‰ˆā‰ˆ........##.(# #.#
.PP..#.....##..# #.# ....
##..#.##..# #.# āŒ ..
##.#.##..# #.# ..
..#.##..#######.####


You could see Yeoj's ghost.

Vanquished Creatures
  Jessica (D:2)
  Terence (D:2)
  Robin (D:2)
  2 adders
  2 oozes
  5 dart slugs
  A worm (D:2)
  3 leopard geckos
  3 giant cockroaches
  15 goblins
  7 hobgoblins
  2 quokkas (D:2)
  3 bats
  7 frilled lizards
  2 kobolds (D:2)
  3 rats
58 creatures vanquished.

Notes
Turn   | Place    | Note
-------+----------+-------------------------------------------
     0 | Abyss:1  | Gingerlord the Formicid Abyssal Knight began the quest for the Orb.
     0 | Abyss:1  | Reached XP level 1. HP: 18/18 MP: 2/2
    31 | Abyss:1  | Noticed a large abomination
    32 | D:1      | Escaped the Abyss
    57 | D:1      | Reached skill level 1 in Dodging
   111 | D:1      | Reached XP level 2. HP: 20/24 MP: 3/3
   158 | D:1      | Reached * piety under Lugonu
   415 | D:1      | Reached XP level 3. HP: 28/30 MP: 4/4
   997 | D:2      | Reached skill level 4 in Fighting
  1004 | D:2      | Noticed Jessica
  1011 | D:2      | Killed Jessica
  1011 | D:2      | Reached XP level 4. HP: 22/37 MP: 6/6
  1229 | D:2      | Noticed Terence
  1256 | D:2      | Killed Terence
  1256 | D:2      | Reached XP level 5. HP: 21/43 MP: 7/7
  1454 | D:2      | Found a sacrificial altar of Ru.
  1586 | D:2      | Noticed Robin
  1595 | D:2      | Reached ** piety under Lugonu
  1616 | D:2      | Killed Robin
  1895 | D:3      | Noticed Yeoj's ghost (weakling DsGl)
  1927 | D:3      | Slain by Yeoj's ghost

Skill      XL: |  1  2  3  4  5 |
---------------+----------------+-----
Dodging        | 1 |  1.6
Fighting       | 4 |  4.5
Invocations    | 3 |  3.6
Armour         | 3 |  3.1
Polearms       | |  2.7

Action                   |  1- 3 |  4- 6 || total
-------------------------+-------+-------++-------
Melee: Spear             |   117 |   141 ||   258
Invok: Depart the Abyss  |     1 |       ||     1
  Eat: Chunk             |       |     2 ||     2
Armor: Leather armour    |    21 |     3 ||    24
       Scale mail        |       |    43 ||    43
Dodge: Dodged            |    53 |    53 ||   106
